 Dungeon Crawl Stone Soup version 0.30-a0-626-gd6a5dd7a1f (webtiles) character file.

Game seed: 2443028789371419358

278601 HoaS the Crack Shot (level 20, -4/136 HPs)
             Began as a Gargoyle Hunter on Jan 11, 2023.
             Was the Champion of Zin.
             Slain by a large slime creature (46 damage)
             ... on level 1 of the Vaults.
             The game lasted 01:41:17 (34974 turns).

HoaS the Crack Shot (Gargoyle Hunter)              Turns: 34974, Time: 01:41:17

Health: -4/136     AC: 37    Str: 23    XL:     20   Next: 43%
Magic:  31/31      EV: 38    Int: 18    God:    Zin [******]
Gold:   2054       SH:  0    Dex: 38    Spells: 19/19 levels left

rFire   . . .      SeeInvis .    n - +3 arbalest (freeze)
rCold   . . .      Faith    .    (shield currently unavailable)
rNeg    + . .      Spirit   .    w - +5 steam dragon scales
rPois   ∞          Reflect  .    M - +2 helmet {Int+3}
rElec   +          Harm     .    C - +2 cloak
rCorr   .          Rampage  .    y - +2 pair of gloves "Kunuf" {Dex+2}
Will    +....                    l - +2 pair of boots
Stlth   +++                      v - amulet of regeneration
HPRegen 1.22/turn                s - +6 ring of dexterity
MPRegen 0.22/turn                L - +6 ring of dexterity

@: vitalised, about to teleport, flying
A: sickness immunity, AC +15, big wings, negative energy resistance 1,
electricity resistance, torment resistance 1, petrification resistance
}: 2/15 runes: decaying, serpentine
a: Renounce Religion, Recite, Vitalisation, Imprison, Sanctuary, Donate Gold


You were on level 1 of the Vaults.
You worshipped Zin.
Zin was exalted by your worship.
You visited 8 branches of the dungeon, and saw 34 of its levels.
You visited the Abyss 1 time.
You visited 2 bazaars.
You also visited: Ice Cave.

You collected 4191 gold pieces.
You spent 1914 gold pieces at shops.
You donated 223 gold pieces to Zin.

Inventory:

Hand Weapons
 n - a +3 arbalest of freezing (weapon)
 E - a +4 longbow of flaming
Missiles
 D - 3 throwing nets
Armour
 l - a +2 pair of boots (worn)
 w - +5 steam dragon scales (worn)
 y - the +2 pair of gloves "Kunuf" (worn) {Dex+2}
   (You found it on level 11 of the Dungeon)

   Dex:       It affects your dexterity (+2).
 C - a +2 cloak (worn)
 M - a +2 helmet of intelligence (worn)
Jewellery
 f - a ring of resist corrosion
 p - a ring of see invisible
 r - a ring of protection from cold
 s - a +6 ring of dexterity (left hand)
 v - an amulet of regeneration (around neck)
 B - a ring of ice
 L - a +6 ring of dexterity (right hand)
Wands
 h - a wand of charming (23)
 k - a wand of mindburst (39)
 t - a wand of roots (25)
 x - a wand of flame (8)
 H - a wand of light (12)
Scrolls
 b - 7 scrolls of immolation
 c - a scroll of fear
 i - 4 scrolls of teleportation
 j - a scroll of enchant armour
 o - 7 scrolls of fog
 u - 3 scrolls of magic mapping
 A - a scroll of silence
 F - 3 scrolls of poison
 G - 24 scrolls of identify
 I - 2 scrolls of brand weapon
Potions
 a - 4 potions of mutation
 d - 5 potions of cancellation
 e - 5 potions of resistance
 g - 19 potions of curing
 m - a potion of heal wounds
 q - a potion of haste
 z - 2 potions of attraction
 J - 2 potions of invisibility
 K - a potion of ambrosia


   Skills:
 - Level 18.0 Fighting
 + Level 21.4 Ranged Weapons
 - Level 18.0 Dodging
 - Level 1.1 Stealth
 - Level 15.0 Invocations


You had 19 spell levels left.
You didn't know any spells.
Your spell library contained the following spells:

 Spells                   Type           Power      Damage    Failure   Level
 Apportation              Tloc           0%         N/A       22%         1
 Foxfire                  Conj/Fire      0%         2x1d4     22%         1
 Freeze                   Ice            0%         1d3       22%         1
 Necrotise                Necr           0%         1d4       22%         1
 Shock                    Conj/Air       0%         1d3       22%         1
 Slow                     Hex            0%         N/A       22%         1
 Sting                    Tmut/Pois      0%         1d3       22%         1
 Summon Small Mammal      Summ           0%         N/A       22%         1
 Passwall                 Tmut/Erth      0%         N/A       32%         2
 Poisonous Vapours        Pois/Air       0%         N/A       32%         2
 Call Canine Familiar     Summ           0%         N/A       54%         3
 Frozen Ramparts          Ice            0%         1d1       54%         3
 Gell's Gravitas          Tloc           0%         N/A       54%         3
 Hailstorm                Conj/Ice       0%         3d3       54%         3
 Inner Flame              Hex/Fire       0%         N/A       54%         3
 Lesser Beckoning         Tloc           0%         N/A       54%         3
 Portal Projectile        Hex/Tloc       0%         N/A       54%         3
 Spider Form              Tmut/Pois      0%         N/A       54%         3
 Summon Guardian Golem    Hex/Summ       0%         N/A       54%         3
 Swiftness                Air            0%         N/A       54%         3
 Teleport Other           Tloc           0%         N/A       54%         3
 Tukima's Dance           Hex            0%         N/A       54%         3
 Airstrike                Air            0%         2d(0-16)  91%         4
 Flame Wave               Conj/Fire      0%         2d4       91%         4
 Leda's Liquefaction      Hex/Erth       0%         N/A       91%         4
 Olgreb's Toxic Radiance  Pois           0%         N/A       91%         4
 Passage of Golubria      Tloc           0%         N/A       91%         4
 Sticky Flame             Conj/Fire      0%         2d3       91%         4
 Summon Lightning Spire   Summ/Air       0%         N/A       91%         4
 Blade Hands              Tmut           0%         N/A       99%         5
 Fireball                 Conj/Fire      0%         3d3       99%         5
 Lee's Rapid Deconstruct  Erth           0%         3d4*      99%         5
 Lightning Bolt           Conj/Air       0%         1d11      99%         5
 Silence                  Hex/Air        0%         N/A       99%         5
 Summon Forest            Summ/Tloc      0%         N/A       99%         5
 Summon Mana Viper        Hex/Summ       0%         N/A       99%         5
 Iron Shot                Conj/Erth      0%         9d1       100%        6
 Starburst                Conj/Fire      0%         6d3       100%        6
 Summon Cactus Giant      Summ           0%         N/A       100%        6
 Lehudib's Crystal Spear  Conj/Erth      0%         10d2      100%        8


Dungeon Overview and Level Annotations

Branches:
Dungeon (15/15)            Temple (1/1) D:4            Lair (5/5) D:11
  Swamp (4/4) Lair:2        Snake (4/4) Lair:2        Slime (0/5) Lair:4
    Orc (2/2) D:10            Elf (2/3) Orc:2        Vaults (1/5) D:13
 Depths (0/4) D:15          IceCv (visited)

Altars:
Ashenzari
Cheibriados
Dithmenos
Elyvilon
Fedhas
Gozag
Hepliaklqana
Kikubaaqudgha
Makhleb
Nemelex Xobeh
Okawaru
Qazlal
Ru
Sif Muna
Trog
Uskayaw
Vehumet
Wu Jian
Xom
Yredelemnul
Zin
The Shining One
Jiyva

Shops:
D:6 (   Orc:1 =!   Orc:2 :[(*   Elf:2 :   Snake:2 =:=   Snake:3 **[*

Portals:
Abyss: Snake:2

Annotations:
D:12 3 runed translucent doors, Dirtsage's ghost, journeyman OpTm
D:14 Roxanne
Lair:5 2 transporters, Leeroy's ghost, journeyman DrTm
Snake:2 2 transporters, gabibbone's ghost, adept OgAE


Innate Abilities, Weirdness & Mutations

You are immune to sickness and miasma.
Your stone body is resilient. (AC +15)
You are immune to poison.
Your large and strong wings let you fly.
You resist negative energy. (rN+)
You are resistant to electric shocks. (rElec)
You are resistant to unholy torment.
You are immune to petrification.


Message History

The slime creature attacks as you move away!
The slime creature barely misses you. Zin grants you divine stamina.
The slime creature completely misses you.
You shoot a bolt. The bolt hits the slime creature!
The bolt freezes the slime creature.
The slime creature is moderately wounded.
The slime creature misses you.
You shoot a bolt. The bolt hits the slime creature!!
The bolt freezes the slime creature.
The slime creature is almost dead.
The slime creature hits you but does no damage.
You shoot a bolt. The bolt hits the slime creature!!
The bolt freezes the slime creature.
You kill the slime creature!
The ironbound convoker casts a spell at something.
You shoot a bolt.
The bolt hits the enormous slime creature!!
The bolt freezes the enormous slime creature!
The enormous slime creature is lightly wounded.
The ironbound convoker casts a spell at the glowing orange brain.
The enormous slime creature hits you!!!
* * * LOW HITPOINT WARNING * * *
You are too injured to fight recklessly!
You are too injured to fight recklessly!
You are too injured to fight recklessly!
The enormous slime creature attacks as you move away!
The enormous slime creature completely misses you.
The glowing orange brain pulsates.
Your divine stamina protects you from intelligence loss.
Something tries to feed on your intellect!
The enormous slime creature attacks as you move away!
The enormous slime creature misses you.
The enormous slime creature attacks as you move away!
The enormous slime creature completely misses you.
The glowing orange brain blinks!
As you read the scroll of teleportation, it crumbles to dust.
You feel strangely unstable.
An enormous slime creature splits.
The large slime creature hits you!!!
You die...

.....'.###.###.###.'.......#
...^##.............#########
.#.##########'######## ####
#.#.#.#..#.#.#.#
#.#.#.#.[#.#.#.#
#..............#
#..............#
#..............#
#......##.@....# #
#......##.JJ..)############
#
#..............+..........#
#
#.........p....#..........#
#
#..............#..........#
#
#.#.#.#..#.#.#.+..........#
#
#.#.#.#..#.#.#.#..........#
#
##########)#####..........#
# #)##.##..........#


You could see 2 large slime creatures and an ironbound convoker.

Vanquished Creatures
  Saint Roka (Orc:2)
  Vashnia (Snake:4)
  the Lernaean hydra (Swamp:4)
  Nikola (Swamp:4)
  A bone dragon (Abyss:3)
  An Ice Fiend (IceCv)
  Jorgrun (Snake:3)
  A tentacled starspawn (Abyss:3)
  A deep elf blademaster (Elf:2)
  3 thorn hunters (Swamp:3)
  A revenant (Abyss:3)
  Donald (Swamp:4)
  8 nagarajas
  An ironbound preserver (Vaults:1)
  3 vault wardens
  The ghost of Twiddyhohoho the Skirmisher, a journeyman FoHu of Hepliaklqana (D:13)
  An orc warlord (Orc:2)
  Aizul (Swamp:4)
  3 ironbound thunderhulks (Vaults:1)
  A very ugly thing (Abyss:3)
  3 eleionomae
  Nessos (Lair:4)
  4 bunyips
  2 dire elephants
  Harold (Orc:1)
  A shambling mangrove (Swamp:4)
  A deep elf high priest (Elf:1)
  A vault guard (D:13)
  A death knight (D:15)
  2 ghost crabs
  2 caustic shrike simulacra (IceCv)
  2 catoblepae
  2 ironbound frosthearts
  An ogre mage (Orc:1)
  6 salamander tyrants (Snake:4)
  17 hydras
  14 anacondas
  24 dancing weapons
  2 two-headed ogres
  Erica (Lair:2)
  A hell hog (Abyss:3)
  9 death yaks
  11 centaur warriors
  2 boulder beetles
  2 tengu warriors (D:15)
  18 naga sharpshooters
  A deep troll shaman (Lair:5)
  11 alligators
  A vampire mage (Abyss:3)
  15 naga warriors
  Urug (Orc:2)
  3 thrashing horrors
  2 orc high priests
  11 shock serpents
  11 deep elf knights
  2 wretched stars (Abyss:3)
  A salamander mystic (Snake:4)
  4 skeletal warriors (D:14)
  4 goliath frogs
  2 spriggan druids
  6 deep trolls
  5 bog bodies
  3 lindwurms (Vaults:1)
  3 phantasmal warriors
  8 naga ritualists
  7 deep elf archers
  8 swamp dragons
  5 wizards
  An ironbound convoker (Vaults:1)
  4 orc knights
  Pikel (D:7)
  2 spriggan simulacra (Elf:2)
  2 obsidian statues (IceCv)
  6 cyclopes
  23 mana vipers
  17 deep elf zephyrmancers
  8 ugly things
  20 deep elf pyromancers
  4 manticores
  11 salamanders
  3 will-o-the-wisps
  7 orc sorcerers
  9 elephants (Lair:5)
  2 guardian serpents
  4 vault sentinels
  An eye of devastation (shapeshifter) (Elf:2)
  13 naga magi
  A torpor snail (Lair:5)
  36 black mambas
  A smoke demon (Abyss:3)
  An unseen horror (Abyss:3)
  6 rime drakes
  15 cane toads
  An ice devil (IceCv)
  An anaconda simulacrum (Elf:2)
  2 kobold demonologists (Abyss:3)
  A tengu conjurer (D:13)
  13 yaktaurs
  4 golden dragon simulacra (IceCv)
  5 komodo dragons
  2 efreet (D:15)
  A troll (D:12)
  6 freezing wraiths
  A polar bear (Lair:5)
  A meliai (shapeshifter) (D:13)
  3 bloated husks (Swamp:3)
  A hellwing (Abyss:3)
  17 hornets
  9 tyrant leeches
  10 blink frogs
  20 dream sheep (Lair:5)
  22 slime creatures
  2 dire elephant simulacra
  14 spriggans
  3 air elementals
  3 ynoxinuls
  A fire bat (shapeshifter) (D:13)
  A culicivora (shapeshifter) (D:15)
  2 basilisks
  4 wyverns
  44 yaks
  2 vampires
  A fire elemental (Elf:1)
  2 steam dragons (D:8)
  13 vampire mosquitoes
  3 minotaur simulacra
  A small abomination (Abyss:3)
  10 wargs
  15 swamp worms
  48 nagas
  A harpy simulacrum (Elf:2)
  Edmund (D:4)
  2 hydra simulacra (IceCv)
  17 water moccasins
  A naga skeleton (Abyss:3)
  37 orc warriors
  2 ice beasts (D:5)
  2 sky beasts
  4 black bears
  7 swamp drakes (Swamp:4)
  A black bear (shapeshifter) (D:13)
  23 wolves
  An alligator simulacrum (IceCv)
  2 ettin simulacra (IceCv)
  9 ogres
  15 centaurs
  A lemure (D:6)
  7 kobold brigands
  12 bullfrogs
  4 earth elementals
  2 scorpions
  12 killer bees
  3 lindwurm simulacra
  3 howler monkeys
  4 electric eels
  3 jellies
  24 orc priests
  2 hounds
  Crazy Yiuf (D:5)
  2 iguanas (D:6)
  31 orc wizards
  7 hell rats (Lair:5)
  10 adders
  A shadow imp (D:6)
  A white imp (D:8)
  An ufetubus (Abyss:3)
  A worm (D:2)
  105 orcs
  4 ball pythons
  4 endoplasms
  3 giant cockroaches
  3 hobgoblins (D:2)
  5 quokkas
  2 bats
  3 frilled lizards
  5 goblins
  29 kobolds
  9 rats
  A butterfly (D:1)
  A lurking horror (Abyss:3)
1196 creatures vanquished.

Vanquished Creatures (others)
  A deep elf archer (Elf:1)
  A deep elf zephyrmancer (Elf:2)
  A bloated husk (Swamp:2)
  A hornet (Swamp:1)
  A bush (Abyss:3)
  13 demonic plants (Abyss:3)
  4 foxfires (Swamp:2)
  16 fungi
  43 plants
  2 starspawn tentacles (Abyss:3)
83 creatures vanquished.

Grand Total: 1279 creatures vanquished

Notes
Turn   | Place    | Note
-------+----------+-------------------------------------------
     0 | D:1      | HoaS the Gargoyle Hunter began the quest for the Orb.
     0 | D:1      | Reached XP level 1. HP: 12/12 MP: 1/1
   378 | D:1      | Reached XP level 2. HP: 14/17 MP: 2/2
   655 | D:2      | Found a faded altar of an unknown god.
   844 | D:2      | Reached XP level 3. HP: 21/21 MP: 3/3
   897 | D:2      | Reached skill level 5 in Ranged Weapons
  1470 | D:3      | Reached XP level 4. HP: 26/26 MP: 4/4
  2348 | D:4      | Found a staircase to the Ecumenical Temple.
  2357 | Temple   | Entered the Ecumenical Temple
  2692 | Temple   | Became a worshipper of Zin the Law-Giver
  2692 | Temple   | Reached * piety under Zin
  2759 | D:4      | Reached skill level 6 in Ranged Weapons
  2830 | D:4      | Reached skill level 1 in Invocations
  2830 | D:4      | Reached XP level 5. HP: 29/30 MP: 5/5
  3049 | D:4      | Noticed Edmund
  3278 | D:5      | Entered Level 5 of the Dungeon
  3280 | D:5      | Noticed a kobold brigand
  3288 | D:5      | Killed a kobold brigand
  3397 | D:5      | Reached XP level 6. HP: 35/35 MP: 7/7
  3528 | D:5      | Reached skill level 7 in Ranged Weapons
  3546 | D:5      | Noticed an ice beast
  3683 | D:5      | Reached XP level 7. HP: 20/40 MP: 7/9
  4021 | D:5      | Reached skill level 8 in Ranged Weapons
  4024 | D:5      | Reached ** piety under Zin
  4259 | D:5      | Found a runed translucent door.
  4260 | D:5      | Noticed Crazy Yiuf
  4669 | D:5      | Reached skill level 9 in Ranged Weapons
  4877 | D:6      | Reached XP level 8. HP: 37/44 MP: 10/10
  5181 | D:6      | Found Faos's Antique Weapon Boutique.
  5196 | D:6      | Noticed Pikel
  5262 | D:5      | Killed Crazy Yiuf
  5379 | D:4      | Killed Edmund
  5580 | D:7      | Reached skill level 10 in Ranged Weapons
  5607 | D:7      | Reached *** piety under Zin
  6159 | D:7      | Reached skill level 5 in Invocations
  6246 | D:8      | Reached XP level 9. HP: 18/48 MP: 12/12
  6494 | D:7      | Killed Pikel
  6495 | D:7      | Reached skill level 11 in Ranged Weapons
  6780 | D:8      | Reached skill level 12 in Ranged Weapons
  7289 | D:8      | Reached skill level 13 in Ranged Weapons
  7301 | D:8      | Found a bloodstained altar of Trog.
  7302 | D:8      | Found a glowing golden altar of the Shining One.
  7546 | D:9      | Noticed a hornet
  7566 | D:9      | Killed a hornet
  7567 | D:9      | Reached XP level 10. HP: 51/53 MP: 12/14
  7824 | D:9      | Reached **** piety under Zin
  7917 | D:9      | Identified the +1 ring mail of Imperfection {rPois rCorr
                  | Dex-3}
  8106 | D:10     | Entered Level 10 of the Dungeon
  8139 | D:9      | Reached skill level 14 in Ranged Weapons
  9126 | D:10     | Reached skill level 15 in Ranged Weapons
  9165 | D:10     | Found a staircase to the Orcish Mines.
  9205 | Orc:1    | Entered Level 1 of the Orcish Mines
  9232 | Orc:1    | Reached XP level 11. HP: 47/57 MP: 16/16
  9413 | Orc:1    | Reached ***** piety under Zin
  9527 | Orc:1    | Noticed an orc sorcerer
  9664 | Orc:1    | Noticed an ogre mage
  9715 | Orc:1    | Killed an ogre mage
  9739 | Orc:1    | Noticed a deep troll
  9756 | Orc:1    | Noticed an orc sorcerer
  9912 | D:11     | Reached skill level 16 in Ranged Weapons
 10054 | D:11     | Found a staircase to the Lair.
 10064 | D:11     | Identified the +2 pair of gloves "Kunuf" {Dex+2}
 10075 | Lair:1   | Entered Level 1 of the Lair of Beasts
 10268 | Lair:1   | Noticed a boulder beetle
 10695 | D:11     | Noticed a cyclops
 10707 | D:11     | Killed a cyclops
 10932 | Lair:1   | Reached skill level 5 in Fighting
 11632 | Lair:2   | Reached XP level 12. HP: 63/69 MP: 18/18
 11713 | Lair:2   | Noticed Erica
 11730 | Lair:2   | Killed Erica
 11800 | Lair:2   | Reached skill level 5 in Dodging
 12703 | Orc:1    | Reached ****** piety under Zin
 12743 | Orc:1    | Noticed Harold
 12780 | Orc:1    | Killed Harold
 12798 | Orc:1    | Found Macat Cyjie's Jewellery Boutique.
 12810 | Orc:1    | Found Acoane's Distillery.
 12818 | Orc:1    | Bought a potion of heal wounds for 85 gold pieces
 12818 | Orc:1    | Bought a potion of heal wounds for 85 gold pieces
 13190 | Lair:1   | Killed a boulder beetle
 13293 | Lair:2   | Found a staircase to the Snake Pit.
 13403 | Lair:2   | Found a staircase to the Swamp.
 13414 | Lair:2   | Reached skill level 10 in Invocations
 13632 | Lair:3   | Noticed a catoblepas
 13754 | Lair:3   | Noticed a four-headed hydra
 13760 | Lair:3   | Killed a four-headed hydra
 13764 | Lair:3   | Reached XP level 13. HP: 75/78 MP: 20/20
 13777 | Lair:3   | Reached skill level 17 in Ranged Weapons
 14647 | Lair:3   | Identified a scroll of acquirement
 14647 | Lair:3   | Acquired 818 gold pieces
 15035 | Lair:4   | Reached skill level 18 in Ranged Weapons
 15150 | Lair:4   | Noticed Nessos
 15164 | Lair:4   | Killed Nessos
 15321 | Lair:4   | Found a viscous altar of Jiyva.
 15321 | Lair:4   | Found a staircase to the Slime Pits.
 15665 | Lair:5   | Entered Level 5 of the Lair of Beasts
 15882 | Lair:5   | Noticed a dire elephant
 15936 | Lair:5   | Killed a dire elephant
 16022 | Lair:5   | Reached skill level 10 in Fighting
 16035 | Lair:4   | Gained mutation: Your large and strong wings let you fly.
                  | [Gargoyle growth]
 16035 | Lair:4   | Reached XP level 14. HP: 83/88 MP: 22/22
 16143 | Lair:5   | Found a transporter.
 16198 | Lair:5   | Found a transporter.
 16201 | Lair:5   | Noticed Leeroy's ghost (journeyman DrTm)
 17413 | D:12     | Found a runed translucent gate.
 17413 | D:12     | Found a runed translucent gate.
 17415 | D:12     | Found a runed translucent gate.
 17451 | D:12     | Identified the +8 dagger of Impermanence {spect, Int+6
                  | Dex+2 Stlth-}
 17453 | D:12     | Noticed Dirtsage's ghost (journeyman OpTm)
 17613 | D:12     | Identified the +8 dagger of Greatest Utility {drain, Dex+2}
 18161 | Orc:2    | Entered Level 2 of the Orcish Mines
 18292 | Orc:2    | Noticed an orc warlord
 18599 | Orc:2    | Noticed Saint Roka
 18865 | D:13     | Noticed Twiddyhohoho's ghost (journeyman FoHu)
 18871 | D:13     | Found a runed translucent door.
 18896 | D:13     | Found a gate to the Vaults.
 18899 | D:13     | Reached XP level 15. HP: 97/97 MP: 24/24
 19132 | D:13     | Reached skill level 10 in Dodging
 19423 | D:13     | Killed Twiddyhohoho's ghost
 19463 | D:13     | Got the Parchment of Orogeny
 20009 | D:14     | Identified Roxanne's Lectures on Transmutation
 20009 | D:14     | Noticed Roxanne
 20017 | D:14     | You are sucked into a shaft and drop 1 floor!
 20017 | D:15     | Entered Level 15 of the Dungeon
 20573 | D:15     | Found a staircase to the Depths.
 20824 | D:15     | Identified the +7 long sword of the Ageless Realms {heavy,
                  | rPois Int+4 Stlth+}
 20831 | D:15     | Identified the +0 shortbow "Nodwof" {flame, Fragile rC+
                  | Dex+6}
 21330 | Abyss:3  | Cast into level 3 of the Abyss (a wizard)
 21339 | Abyss:3  | Found a corrupted altar of Lugonu.
 21446 | Abyss:3  | Found a corrupted altar of Lugonu.
 21462 | Abyss:3  | Noticed a bone dragon
 21481 | Abyss:3  | Killed a bone dragon
 21488 | Abyss:3  | Noticed a tentacled starspawn
 21558 | Abyss:3  | Noticed a revenant
 21571 | Abyss:3  | Killed a revenant
 21577 | Abyss:3  | Noticed a tentacled starspawn
 21582 | Abyss:3  | Killed a tentacled starspawn
 21600 | Abyss:3  | Reached XP level 16. HP: 98/107 MP: 25/25
 21630 | D:15     | Escaped the Abyss
 21977 | Orc:2    | Noticed Urug
 21988 | Orc:2    | Killed Urug
 22007 | Orc:2    | Found a staircase to the Elven Halls.
 22093 | Orc:2    | Reached skill level 15 in Fighting
 22406 | Orc:2    | Killed Saint Roka
 22484 | Orc:2    | Found Ceffokuni's Antique Weapon Boutique.
 22505 | Orc:2    | Found Qatacy's Book Boutique.
 22534 | Orc:2    | Found Ebuchoud's General Store.
 22544 | Orc:2    | Bought a potion of haste for 140 gold pieces
 22581 | Orc:2    | Found Xuwuos's Antique Armour Boutique.
 23093 | Snake:1  | Entered Level 1 of the Snake Pit
 24120 | Snake:2  | Noticed a nagaraja
 24147 | Snake:2  | Killed a nagaraja
 24233 | Snake:2  | Found a transporter.
 24233 | Snake:2  | Found a one-way gate to the infinite horrors of the Abyss.
 24233 | Snake:2  | Noticed gabibbone's ghost (adept OgAE)
 24233 | Snake:2  | Noticed a tentacled starspawn
 24242 | Snake:2  | Noticed a nagaraja
 24259 | Snake:2  | Found a transporter.
 24314 | Snake:2  | Got Ucaejaif's Compilation of Inconstant Beguiling
 24398 | Snake:2  | Reached XP level 17. HP: 101/116 MP: 27/27
 24776 | Snake:2  | Found Deuxiug's Jewellery Emporium.
 24781 | Snake:2  | Found Bianiuxi's Book Boutique.
 24782 | Snake:2  | Found Leotoill's Jewellery Emporium.
 24787 | Snake:2  | Bought a +6 ring of dexterity for 612 gold pieces
 24915 | Snake:3  | Found Moen's General Store.
 25030 | Snake:3  | Noticed Jorgrun
 25039 | Snake:3  | Killed Jorgrun
 25051 | Snake:3  | Found a flickering gateway to a bazaar.
 25063 | Bazaar   | Entered a bazaar
 25065 | Bazaar   | Found Zaaciep's Assorted Antiques.
 25069 | Bazaar   | Found Gozalat's Distillery.
 25069 | Bazaar   | Found Toscher's Book Boutique.
 25070 | Bazaar   | Found Faskaat's Jewellery Boutique.
 25075 | Bazaar   | Bought a +6 ring of dexterity for 360 gold pieces
 25080 | Bazaar   | Bought a potion of curing for 45 gold pieces
 25080 | Bazaar   | Bought a potion of curing for 45 gold pieces
 25215 | Snake:3  | Found Ynoat's General Store.
 25215 | Snake:3  | Found Boetsairr's Assorted Antiques.
 25220 | Snake:3  | Bought a potion of heal wounds for 105 gold pieces
 25220 | Snake:3  | Found Negoamy's Armour Shoppe.
 25229 | Snake:3  | Bought a runed helmet for 337 gold pieces
 25676 | Snake:4  | Entered Level 4 of the Snake Pit
 26289 | Snake:4  | Reached skill level 15 in Invocations
 26635 | Snake:4  | Noticed Vashnia
 26688 | Snake:4  | Reached XP level 18. HP: 106/125 MP: 29/29
 26739 | Snake:4  | Killed Vashnia
 26909 | Snake:4  | Reached skill level 15 in Dodging
 27136 | Snake:4  | Got a serpentine rune of Zot
 27610 | Swamp:1  | Entered Level 1 of the Swamp
 29669 | Swamp:4  | Entered Level 4 of the Swamp
 29711 | Swamp:4  | Noticed Donald
 29728 | Swamp:4  | Killed Donald
 29785 | Swamp:4  | Noticed Aizul
 29789 | Swamp:4  | Killed Aizul
 30126 | Swamp:4  | Noticed Nikola
 30141 | Swamp:4  | Killed Nikola
 30142 | Swamp:4  | Reached XP level 19. HP: 98/130 MP: 27/30
 30250 | Swamp:4  | Noticed the 27-headed Lernaean hydra
 30514 | Swamp:4  | Killed the 27-headed Lernaean hydra
 30585 | Swamp:4  | Got a decaying rune of Zot
 30831 | Elf:1    | Entered Level 1 of the Elven Halls
 30905 | Elf:1    | Found a flickering gateway to a bazaar.
 30920 | Bazaar   | Entered a bazaar
 30920 | Bazaar   | Found Igex's General Store.
 30924 | Bazaar   | Bought a scroll of teleportation for 30 gold pieces
 30934 | Bazaar   | Found Vyeduum's Distillery.
 30934 | Bazaar   | Found Gyilewah's Book Boutique.
 30942 | Bazaar   | Bought a potion of heal wounds for 70 gold pieces
 30964 | Bazaar   | Found Qeikk's Antique Armour Shop.
 30972 | Bazaar   | Found Ulog's Antique Weapon Shop.
 31091 | Elf:1    | HP: 6/130 [something/shard of ice (30)]
 31878 | Elf:1    | Identified the +1 leather armour of the Volcano {Drain
                  | rElec Will+ rCorr}
 32059 | Elf:2    | Found Vankan's Book Boutique.
 32156 | Elf:2    | Reached skill level 19 in Ranged Weapons
 32333 | Elf:2    | Found a runed translucent gate.
 32333 | Elf:2    | Found a runed translucent gate.
 32333 | Elf:2    | Found a runed translucent gate.
 32471 | Elf:2    | Found a frozen archway.
 32516 | IceCv    | Entered an ice cave
 33117 | IceCv    | Noticed an Ice Fiend
 33122 | IceCv    | Killed an Ice Fiend
 33412 | Elf:2    | Reached skill level 20 in Ranged Weapons
 33662 | Elf:2    | Reached XP level 20. HP: 111/136 MP: 31/31
 34124 | Vaults:1 | Entered Level 1 of the Vaults
 34526 | Vaults:1 | Reached skill level 21 in Ranged Weapons
 34974 | Vaults:1 | Slain by a large slime creature

Illustrated notes

Levels and vault maps discovered:
D:1:      spicycebolla_arrival_clurvy, layout_basic, reono_crystal_passage
D:2:      layout_basic, ebering_ecumenical_altar_petrified,
          hangedman_glass_teeth
D:3:      layout_loops_ring
D:4:      layout_loops_ring, minmay_temple_entry_slanted, minivault_27,
          uniq_edmund
D:5:      layout_loops_corners, minmay_diced_spiral, uniq_crazy_yiuf_cottage
D:6:      layout_basic, nicolae_stop_n_shop_1, uniq_pikel
D:7:      layout_loops_ring, nicolae_sextant
D:8:      layout_basic, gammafunk_temple_overflow_statue
D:9:      layout_roguey
D:10:     layout_cave_pools, hiddenorc2_lemuel
D:11:     layout_basic, erik_lair_orcish_takeover, corexii_corridor_pit
D:12:     layout_stronghold, gammafunk_ghost_nasty_kobolds
D:13:     layout_small_grid, erik_vaults_1, hellmonk_ghost_big_iron,
          chequers_mini_garden, minmay_misc_feat_doors,
          kennysheep_generic_room_15
D:14:     layout_basic, minmay_misc_feat_roman, kennysheep_another_room,
          minmay_misc_feat_encased, uniq_roxanne
D:15:     hangedman_depths_entry_try_elsewhere_first, layout_small_grid,
          nrook_pool_corridor, wad_rectangle_vault
Temple:   mainiacjoe_temple_cubbyholes
Lair:1:   layout_cave_pods
Lair:2:   layout_misc_corridors, nicolae_swamp_entry_splash_gauntlet,
          guppyfry_snake_entry_island, uniq_erica
Lair:3:   layout_layer_cave, grunt_megastairs_5, infiniplex_staircase_pool_2
Lair:4:   layout_hall_layers, dpeg_slime_entry_enclosed, nicolae_lair_lil_pond,
          cheibrodos_lair_reptile_den, lemuel_fruit_tree, uniq_nessos
Lair:5:   grunt_lair_end_beastmaster, layout_loops_ring,
          gammafunk_ghost_berserking_beasts, patterned_corridor,
          serial_bayou_shore_a
Swamp:1:  layout_basic_swamp, evilmike_swamp_ruin_house_2, swamp_pool3
Swamp:2:  layout_basic_swamp, nicolae_swamp_tree_designs, swamp_pool1,
          nicolae_swamp_feature_on_the_river_bank, infiniplex_staircase_pool
Swamp:3:  layout_basic_swamp, hangedman_swamp_ruin_hall,
          nicolae_swamp_super_fun_site
Swamp:4:  swamp_old_school, layout_basic_swamp, uniq_aizul, uniq_nikola,
          uniq_donald
Snake:1:  kennysheep_six_static_rooms, layout_basic
Snake:2:  layout_onion, gammafunk_ghost_abyssal_escape, st_stairs_4, drop_trap,
          nicolae_snake_mages_go_home, minmay_shop_grove
Snake:3:  layout_cave_town, serial_shops, bzr_firewalk, minmay_shoptagon,
          grunt_megastairs_2, uniq_jorgrun
Snake:4:  minmay_snake_end_coiled, layout_chambers, uniq_vashnia
Orc:1:    layout_caves, nicolae_orc_flooded_monolith, guppyfry_orc_lava_fort,
          uniq_harold
Orc:2:    grunt_orc_cross, layout_caves, nicolae_orc_pool_cavern,
          lightli_orcish_oven
Elf:1:    layout_loops_cross, serial_shops, bzr_entry_islet,
          kennysheep_underground_church, minmay_misc_feat_columns
Elf:2:    elven_hall_of_blades_hangedman_original [mumra_blade_entry_dagger],
          layout_geoelf_octagon, portal_ice_cave_entry_ice_simulacra,
          minmay_shop_star, uniq_saint_roka
Vaults:1: vaults_room_large_hall, hangedman_vaults_corner, v_misc_23,
          nicolae_vaults_specimen_jars, vaults_dpeg_ring,
          nicolae_vaults_little_squares_4, vaults_room_grid,
          nicolae_vaults_alarming, hangedman_vaults_variations, v_alt_pattern_2,
          ontoclasm_vaults_idyll, vaults_mumra_chevron,
          nicolae_vaults_little_squares_2, v_misc_4, vaults_dpeg_cross,
          layout_vaults_maze_snakey, serial_shops, shop

Skill      XL: |  1  2  3  4  5  6  7  8  9 10 11 12 13 14 15 16 17 18 19 20 |
---------------+-------------------------------------------------------------+-----
Ranged Weapons | 5 6 7 9 10 13 15 16 18 20 21 | 21.4
Invocations    | 1 2 3 5 7 8 10 12 13 14 15 | 15.0
Dodging        | 4 6 7 9 11 12 14 17 18 | 18.0
Fighting       | 5 7 10 12 14 16 18 | 18.0
Stealth        | |  1.1

Action                   |  1- 3 |  4- 6 |  7- 9 | 10-12 | 13-15 | 16-18 | 19-21 || total
-------------------------+-------+-------+-------+-------+-------+-------+-------++-------
 Fire: Shortbow          |    95 |   101 |   342 |   996 |       |       |       ||  1534
       Arbalest          |       |       |       |   119 |  1223 |  1308 |   775 ||  3425
Invok: Recite            |       |       |     1 |     2 |     4 |     2 |       ||     9
       Vitalisation      |       |       |     1 |     2 |     5 |     6 |     4 ||    18
  Use: Scroll            |     3 |     7 |     7 |    12 |    14 |    10 |    11 ||    64
       Potion            |       |       |       |     1 |     3 |     2 |     3 ||     9
Armor: Leather armour    |    17 |    14 |    34 |       |       |       |       ||    65
       Steam dragon scal |       |       |    22 |   164 |   307 |   247 |   182 ||   922
Dodge: Dodged            |    25 |    25 |   173 |   520 |   941 |   978 |   769 ||  3431

Table legend: (Time is in decaauts)
 A = Elapsed time spent in this place.
 B = Non-inter-level travel time spent in this place.
 C = Inter-level travel time spent in this place.
 D = Time resting spent in this place.
 E = Time spent auto-exploring this place.
 F = Levels seen in this place.
 G = Mean time per level.
                   A        B        C        D        E       F      G
               +--------+--------+--------+--------+--------+-----+--------+
         Total |  34980 |  32092 |   2888 |   4745 |  18744 |  38 |  920.5 |
       Dungeon |  14052 |  12517 |   1535 |   1603 |   7899 |  15 |  936.8 |
        Temple |    353 |    290 |     63 |      0 |    288 |   1 |  353.0 |
          Lair |   5763 |   5341 |    422 |    619 |   3266 |   5 | 1152.6 |
         Swamp |   3079 |   2902 |    177 |    485 |   1721 |   4 |  769.8 |
     Snake Pit |   4425 |   4234 |    191 |    512 |   2281 |   4 | 1106.2 |
  Orcish Mines |   2919 |   2620 |    299 |    728 |   1148 |   2 | 1459.5 |
   Elven Halls |   2464 |   2266 |    198 |    249 |   1409 |   2 | 1232.0 |
        Vaults |    794 |    794 |      0 |    196 |    355 |   1 |  794.0 |
         Abyss |    298 |    298 |      0 |     57 |    101 |   1 |  298.0 |
        Bazaar |    105 |    105 |      0 |      0 |     80 |   2 |   52.5 |
      Ice Cave |    722 |    722 |      0 |    294 |    195 |   1 |  722.0 |
               +--------+--------+--------+--------+--------+-----+--------+

Top non-repeatable levels by time:
 Snake:4: 1782 daAuts
     D:5: 1627 daAuts
   Orc:1: 1610 daAuts
  Lair:1: 1371 daAuts
   Elf:2: 1339 daAuts
   Orc:2: 1309 daAuts
    D:15: 1265 daAuts
  Lair:3: 1222 daAuts
  Lair:5: 1156 daAuts
   Elf:1: 1125 daAuts
     D:7: 1118 daAuts
  Lair:4: 1056 daAuts
     D:9: 1039 daAuts
    D:11: 1005 daAuts
    D:12: 990 daAuts
